[Event "Paul Keres Memorial-Youth 2020"]
[Site "Parnu"]
[Date "2020.07.27"]
[Round "1.6"]
[White "Pedoson, Georg Aleksander"]
[Black "Luik, Ott-Robert"]
[Result "1-0"]
[ECO "A10"]
[WhiteElo "2189"]
[BlackElo "1196"]
[Annotator "ChessBase"]
[PlyCount "67"]
[EventDate "2020.07.27"]
[EventType "swiss"]
[EventCountry "EST"]
[SourceTitle "playchess.com"]
[Source "ChessBase"]
[SourceQuality "1"]
[TimeControl "40/5400+30:900+30"]

1. c4 g6 2. Nc3 Bg7 3. g3 e6 4. Bg2 Ne7 5. d4 c6 6. Nf3 d5 7. cxd5 exd5 8. O-O Nf5 9. Bf4 Nd7 10. g4 Ne7 11. h3 h5 12. e3 hxg4 13. hxg4 Nf6 14. Ne5 Be6 15. b4 Qc8 16. f3 Nd7 17. Nd3 Nb6 18. a4 Nc4 19. b5 b6 20. bxc6 Nxc6 21. Rc1 Qd7 22. Re1 O-O 23. Bf1 Rfd8 24. Qe2 f5 25. gxf5 Bxf5 26. Qg2 Re8 27. Nf2 N6a5 28. e4 dxe4 29. fxe4 Qxd4 30. Red1 Qc5 31. exf5 Ne3 32. Bxe3 Qxe3 33. Nd5 Qc5 34. Rxc5 1-0

[Event "Paul Keres Memorial-Youth 2020"]
[Site "Parnu"]
[Date "2020.07.27"]
[Round "1.9"]
[White "Schneider, Uku"]
[Black "Golsta, Madara"]
[Result "0-1"]
[ECO "D86"]
[WhiteElo "1081"]
[BlackElo "1903"]
[Annotator "ChessBase"]
[PlyCount "56"]
[EventDate "2020.07.27"]
[EventType "swiss"]
[EventCountry "EST"]
[SourceTitle "playchess.com"]
[Source "ChessBase"]
[SourceQuality "1"]
[TimeControl "40/5400+30:900+30"]

1. d4 Nf6 2. c4 g6 3. Nc3 d5 4. cxd5 Nxd5 5. e4 Nxc3 6. bxc3 Bg7 7. Bd3 c5 8. Ne2 O-O 9. Be3 cxd4 10. cxd4 Nc6 11. Bc2 Qa5+ 12. Qd2 Qxd2+ 13. Kxd2 Rd8 14. Kc3 Be6 15. Rhd1 Rac8 16. Kb2 Bc4 17. Bd3 Nxd4 18. Nxd4 Bxd4+ 19. Bxd4 Rxd4 20. Kc3 e5 21. Bxc4 Rxe4 22. Rab1 Rexc4+ 23. Kb3 Rc3+ 24. Kb4 Rc2 25. Rd7 Rxf2 26. Rxb7 Rxa2 27. Kb3 Rxg2 28. Rxa7 Rb8+ 0-1

[Event "Paul Keres Memorial-Youth 2020"]
[Site "Parnu"]
[Date "2020.07.30"]
[Round "2.6"]
[White "Kull, Tormi"]
[Black "Pedoson, Georg Aleksander"]
[Result "0-1"]
[ECO "B01"]
[WhiteElo "1559"]
[BlackElo "2189"]
[Annotator "ChessBase"]
[PlyCount "142"]
[EventDate "2020.07.27"]
[EventType "swiss"]
[EventCountry "EST"]
[SourceTitle "playchess.com"]
[Source "ChessBase"]
[SourceQuality "1"]
[TimeControl "40/5400+30:900+30"]

1. e4 d5 2. exd5 Qxd5 3. Nc3 Qd6 4. Nf3 Nf6 5. d3 g6 6. g3 Bg7 7. Bg2 O-O 8. O-O Nc6 9. Re1 Bf5 10. Bf4 Qd7 11. Qe2 Rfe8 12. Qd2 Rad8 13. Rad1 Bg4 14. Rb1 Qc8 15. Ne5 Nxe5 16. Bxe5 c6 17. b4 b5 18. a4 a6 19. f4 Qd7 20. axb5 axb5 21. Ra1 Bh3 22. Bf3 Bg4 23. Bg2 Bh3 24. Bf3 Ng4 25. Bxg4 Bxg4 26. Bxg7 Kxg7 27. Ne4 Qd4+ 28. Nf2 Bf5 29. c3 Qd5 30. d4 Ra8 31. g4 Be6 32. Qe3 h6 33. h3 Qd8 34. Qe5+ Kh7 35. Rxa8 Qxa8 36. Ne4 Qa2 37. Nc5 Bd5 38. Qe2 Qa3 39. Qd2 Qa7 40. Ne4 Ra8 41. Nf2 Qc7 42. Qe3 Ra3 43. f5 g5 44. Qd3 Kg7 45. Ne4 Qf4 46. Ng3 Kg8 47. Nh5 Qd6 48. Qe3 Ra2 49. Qe5 Qxe5 50. Rxe5 Kf8 51. Re3 f6 52. Ng3 Rc2 53. Ne2 Ke8 54. Ng3 Bg2 55. Ne2 Bxh3 56. Rxh3 Rxe2 57. Kf1 Re4 58. Rg3 Kd7 59. Kf2 Kd6 60. Kf3 Rf4+ 61. Ke3 h5 62. gxh5 Rh4 63. Rf3 Rxh5 64. Ke4 Rh4+ 65. Kd3 Rh2 66. Rg3 Rf2 67. Ke4 Rf4+ 68. Kd3 Rxf5 69. Re3 e6 70. Rh3 Kd5 71. Re3 g4 0-1

[Event "Paul Keres Memorial-Youth 2020"]
[Site "Parnu"]
[Date "2020.07.30"]
[Round "2.7"]
[White "Aga, Rihard"]
[Black "Kokk, Karl Mattias"]
[Result "0-1"]
[ECO "E81"]
[WhiteElo "2022"]
[BlackElo "1492"]
[Annotator "ChessBase"]
[PlyCount "90"]
[EventDate "2020.07.27"]
[EventType "swiss"]
[EventCountry "EST"]
[SourceTitle "playchess.com"]
[Source "ChessBase"]
[SourceQuality "1"]
[TimeControl "40/5400+30:900+30"]

1. d4 Nf6 2. c4 g6 3. Nc3 Bg7 4. e4 d6 5. f3 Nbd7 6. Be3 c5 7. Nge2 O-O 8. Qd2 a6 9. g4 h5 10. gxh5 Nxh5 11. Ng3 cxd4 12. Bxd4 Bxd4 13. Qxd4 Qa5 14. O-O-O Ndf6 15. Nd5 Qxa2 16. Nxe7+ Kh7 17. Qxd6 Be6 18. Qd4 Qa1+ 19. Kc2 Qa4+ 20. Kb1 b5 21. e5 Rfd8 22. Qxd8 Rxd8 23. Rxd8 Nd7 24. Bd3 Nf4 25. Bc2 Qxc4 26. b3 Qb4 27. Nxg6 fxg6 28. Ne4 Nh3 29. Rd1 Nxe5 30. R8d4 Qa3 31. Nf6+ Kh6 32. Nd5 Nc6 33. Re4 Bf5 34. Re3 Nf2 35. Rd2 Bxc2+ 36. Rxc2 Qd6 37. Nc3 Nd1 38. Nxd1 Qxd1+ 39. Rc1 Qd4 40. Rce1 a5 41. R1e2 Nb4 42. h4 Nd5 43. Re4 Nc3+ 44. Kc2 Nxe4 45. Rxe4 Qf2+ 0-1

[Event "Paul Keres Memorial-Youth 2020"]
[Site "Parnu"]
[Date "2020.07.30"]
[Round "2.8"]
[White "Smirnova, Jekaterina"]
[Black "Andrijashkin, Deniss"]
[Result "0-1"]
[ECO "E93"]
[WhiteElo "1445"]
[BlackElo "1850"]
[Annotator "NA"]
[PlyCount "58"]
[EventDate "2020.07.27"]
[EventType "swiss"]
[EventCountry "EST"]
[SourceTitle "playchess.com"]
[Source "ChessBase"]
[SourceQuality "1"]
[TimeControl "40/5400+30:900+30"]

1. c4 g6 2. Nc3 Bg7 3. d4 d6 4. e4 Nf6 5. Nf3 O-O 6. Be2 Nbd7 7. Be3 e5 8. d5 a5 9. h3 Nc5 10. Bxc5 dxc5 11. O-O Ne8 12. Ne1 Nd6 13. f4 f5 14. fxe5 Bxe5 15. exf5 Nxf5 16. Nc2 Qh4 17. Qd3 Bd7 18. Bg4 h5 19. Be2 Rae8 20. Rae1 Bg3 21. Rb1 Kh7 22. Bf3 Nd4 23. Nxd4 cxd4 24. Ne4 Bf5 25. Qxd4 Bxe4 26. Bxe4 Rxe4 27. Qc5 Bd6 28. Qxa5 Rxf1+ 29. Rxf1 Qg3 0-1

[Event "Paul Keres Memorial-Youth 2020"]
[Site "Parnu"]
[Date "2020.07.30"]
[Round "2.9"]
[White "Golsta, Madara"]
[Black "Shadrina, Eva"]
[Result "1-0"]
[ECO "B33"]
[WhiteElo "1903"]
[BlackElo "1234"]
[Annotator "ChessBase"]
[PlyCount "83"]
[EventDate "2020.07.27"]
[EventType "swiss"]
[EventCountry "EST"]
[SourceTitle "playchess.com"]
[Source "ChessBase"]
[SourceQuality "1"]
[TimeControl "40/5400+30:900+30"]

1. e4 c5 2. Nf3 Nc6 3. d4 cxd4 4. Nxd4 Nf6 5. Nc3 e5 6. Ndb5 d6 7. Nd5 Nxd5 8. exd5 Nb8 9. a4 a6 10. Na3 Be7 11. Be2 O-O 12. O-O f5 13. f4 e4 14. Be3 Nd7 15. c4 Bf6 16. Rb1 b6 17. b4 Qc7 18. Qb3 Kh8 19. Rfc1 h6 20. Kh1 Kh7 21. Bg1 Rh8 22. Nc2 Rb8 23. Qh3 Nf8 24. Nd4 Bxd4 25. Bxd4 Ng6 26. Qg3 Bd7 27. Bh5 Be8 28. Rb3 Bf7 29. Rcc3 Qd7 30. Qf2 b5 31. cxb5 axb5 32. a5 Rhc8 33. h3 Rc4 34. Rg3 Rc1+ 35. Kh2 Rbc8 36. Rbc3 R8xc3 37. Bxc3 Qc8 38. Qd4 Qf8 39. h4 Rc2 40. Bxg6+ Bxg6 41. h5 Kh8 42. Rxg6 1-0

[Event "Paul Keres Memorial-Youth 2020"]
[Site "Parnu"]
[Date "2020.07.30"]
[Round "3.6"]
[White "Pedoson, Georg Aleksander"]
[Black "Olde, Karl Erik"]
[Result "1-0"]
[ECO "D35"]
[WhiteElo "2189"]
[BlackElo "1751"]
[Annotator "ChessBase"]
[PlyCount "133"]
[EventDate "2020.07.27"]
[EventType "swiss"]
[EventCountry "EST"]
[SourceTitle "playchess.com"]
[Source "ChessBase"]
[SourceQuality "1"]
[TimeControl "40/5400+30:900+30"]

1. d4 d5 2. c4 e6 3. Nc3 Nf6 4. cxd5 exd5 5. Bg5 Be7 6. e3 O-O 7. Bd3 c6 8. Nge2 Nbd7 9. Ng3 g6 10. h4 h5 11. Qc2 Kg7 12. Nce2 Re8 13. Nf4 Nf8 14. O-O-O Ne4 15. Bxe4 dxe4 16. d5 Bg4 17. Qc3+ Bf6 18. Bxf6+ Qxf6 19. Qxf6+ Kxf6 20. Rd4 cxd5 21. Nxd5+ Kg7 22. Rxe4 Rac8+ 23. Nc3 Red8 24. f3 Be6 25. Rd1 Rxd1+ 26. Kxd1 Nd7 27. Kd2 Nb6 28. b3 Nd5 29. Nxd5 Bxd5 30. Rd4 Be6 31. Ne4 Bf5 32. Nc3 Rc6 33. e4 Be6 34. g3 Rc5 35. b4 Rc6 36. a4 Kf6 37. f4 Ke7 38. b5 Rc5 39. Nd1 Rc7 40. Ne3 Rc5 41. Rd3 Rc8 42. Rc3 Rd8+ 43. Ke2 Rd4 44. a5 Ra4 45. Rc7+ Kf6 46. Rxb7 Rxa5 47. Nd5+ Bxd5 48. exd5 a6 49. Rb6+ Ke7 50. d6+ Ke6 51. bxa6 Ra3 52. Kd2 Rxg3 53. Kc2 Ra3 54. Kb2 Ra5 55. Kb3 Ra1 56. Kb4 Kd7 57. Kb5 f6 58. Rb7+ Kxd6 59. Kb6 Ke6 60. Ka7 Kf5 61. Rb6 g5 62. fxg5 fxg5 63. Rb5+ Kg4 64. hxg5 Re1 65. g6 Re6 66. g7 Re7+ 67. Rb7 1-0

[Event "Paul Keres Memorial-Youth 2020"]
[Site "Parnu"]
[Date "2020.07.30"]
[Round "3.7"]
[White "Andrijashkin, Deniss"]
[Black "Raag, Ardi"]
[Result "1/2-1/2"]
[ECO "C90"]
[WhiteElo "1850"]
[BlackElo "1729"]
[Annotator "NA"]
[PlyCount "67"]
[EventDate "2020.07.27"]
[EventType "swiss"]
[EventCountry "EST"]
[SourceTitle "playchess.com"]
[Source "ChessBase"]
[SourceQuality "1"]
[TimeControl "40/5400+30:900+30"]

1. e4 e5 2. Nf3 Nc6 3. Bb5 a6 4. Ba4 Nf6 5. d3 b5 6. Bb3 Be7 7. O-O d6 8. c3 O-O 9. Re1 Rb8 10. Nbd2 Na5 11. Bc2 c5 12. Nf1 Re8 13. Ng3 Nc6 14. h3 Bf8 15. d4 cxd4 16. cxd4 exd4 17. Nxd4 Nxd4 18. Qxd4 g6 19. Bf4 Rb7 20. Rad1 Rd7 21. a4 Bg7 22. Qb4 Bf8 23. Qb3 Qb6 24. axb5 axb5 25. Be3 Qc6 26. Rc1 Rb7 27. Bd4 Nd7 28. Nh5 Qc4 29. Qxc4 bxc4 30. Nf6+ Nxf6 31. Bxf6 Bd7 32. Ra1 Bg7 33. Bxg7 Kxg7 34. Ba4 1/2-1/2

[Event "Paul Keres Memorial-Youth 2020"]
[Site "Parnu"]
[Date "2020.07.30"]
[Round "3.8"]
[White "Mikko, Rondo"]
[Black "Golsta, Madara"]
[Result "0-1"]
[ECO "A35"]
[WhiteElo "1633"]
[BlackElo "1903"]
[Annotator "ChessBase"]
[PlyCount "112"]
[EventDate "2020.07.27"]
[EventType "swiss"]
[EventCountry "EST"]
[SourceTitle "playchess.com"]
[Source "ChessBase"]
[SourceQuality "1"]
[TimeControl "40/5400+30:900+30"]

1. Nf3 c5 2. c4 Nc6 3. Nc3 g6 4. e3 Nf6 5. d4 cxd4 6. Nxd4 Bg7 7. Be2 O-O 8. O-O d6 9. b3 Bd7 10. Bb2 Rc8 11. Bf3 a6 12. Qd2 Qa5 13. Rfd1 Rfe8 14. Rac1 Nxd4 15. exd4 b5 16. cxb5 axb5 17. a3 Bf5 18. b4 Qb6 19. h3 h5 20. Nd5 Nxd5 21. Bxd5 Bd7 22. Bb3 Bc6 23. Qf4 Rf8 24. Re1 Qb7 25. Qg5 e6 26. Qg3 Bd5 27. Bc2 Bh6 28. f4 Bg7 29. Qf2 Rc7 30. Bd3 Rfc8 31. Rxc7 Rxc7 32. Kh2 Qb6 33. Kg1 Rc8 34. g3 Qa6 35. Qd2 Qa4 36. Rc1 Rxc1+ 37. Qxc1 Qa7 38. Qc3 Qb6 39. Kf2 e5 40. fxe5 dxe5 41. Qc5 Qf6+ 42. Ke1 Qf3 43. Qxb5 Bb3 44. Kd2 Qd1+ 45. Ke3 exd4+ 46. Ke4 f5+ 47. Kf4 Qd2+ 48. Kf3 Bd1+ 49. Be2 Qe3+ 50. Kg2 Bxe2 51. Qb8+ Kh7 52. Qf4 Qxf4 53. gxf4 Bb5 54. Bxd4 Bxd4 55. h4 Bb2 56. a4 Bxa4 0-1

[Event "Paul Keres Memorial-Youth 2020"]
[Site "Parnu"]
[Date "2020.07.30"]
[Round "4.6"]
[White "Blokhin, Sofia"]
[Black "Pedoson, Georg Aleksander"]
[Result "0-1"]
[ECO "B11"]
[WhiteElo "1786"]
[BlackElo "2189"]
[Annotator "ChessBase"]
[PlyCount "102"]
[EventDate "2020.07.27"]
[EventType "swiss"]
[EventCountry "EST"]
[SourceTitle "playchess.com"]
[Source "ChessBase"]
[SourceQuality "1"]
[TimeControl "40/5400+30:900+30"]

1. e4 c6 2. Nf3 d5 3. Nc3 Bg4 4. h3 Bxf3 5. Qxf3 e6 6. d4 dxe4 7. Nxe4 Nd7 8. Bg5 Ngf6 9. Nxf6+ Nxf6 10. Bxf6 Qxf6 11. Qxf6 gxf6 12. O-O-O O-O-O 13. Bc4 Rg8 14. g4 h5 15. f3 Bh6+ 16. Kb1 h4 17. a3 Rd7 18. c3 Rgd8 19. Bb3 Kc7 20. Bc2 Bf4 21. Rhf1 Kd6 22. Rfe1 Ke7 23. Rf1 Kf8 24. Rfe1 Kg7 25. Rf1 Kh6 26. Rfe1 Kg5 27. Rg1 e5 28. dxe5 Rxd1+ 29. Rxd1 Rxd1+ 30. Bxd1 Bxe5 31. Kc2 Kf4 32. Kd2 Kg3 33. Ke2 Bc7 34. Kf1 Bb6 35. f4 Kxh3 36. Bf3 Kg3 37. Bh1 Kxf4 38. Kg2 Kxg4 39. c4 f5 40. b4 Bd4 41. Kh2 f4 42. Bg2 Bf2 43. Bh3+ Kf3 44. b5 Bg3+ 45. Kh1 Ke2 46. Bg4+ f3 47. bxc6 bxc6 48. a4 f5 49. Bh5 Ke3 50. Kg1 h3 51. Be8 h2+ 0-1

[Event "Paul Keres Memorial-Youth 2020"]
[Site "Parnu"]
[Date "2020.07.30"]
[Round "4.7"]
[White "Golsta, Madara"]
[Black "Kokk, Karl Mattias"]
[Result "1-0"]
[ECO "B76"]
[WhiteElo "1903"]
[BlackElo "1492"]
[Annotator "ChessBase"]
[PlyCount "119"]
[EventDate "2020.07.27"]
[EventType "swiss"]
[EventCountry "EST"]
[SourceTitle "playchess.com"]
[Source "ChessBase"]
[SourceQuality "1"]
[TimeControl "40/5400+30:900+30"]

1. e4 c5 2. Nf3 d6 3. d4 cxd4 4. Nxd4 Nf6 5. Nc3 g6 6. Be3 Bg7 7. f3 Nc6 8. Qd2 O-O 9. g4 h5 10. gxh5 Nxh5 11. O-O-O Bd7 12. Rg1 Ne5 13. Be2 Rc8 14. f4 Nc4 15. Bxc4 Rxc4 16. f5 Kh7 17. Qe2 Rxc3 18. bxc3 Qa5 19. Nb3 Qxc3 20. Bd4 Bxd4 21. Rxd4 a5 22. Qd2 Qxd2+ 23. Nxd2 gxf5 24. exf5 Bxf5 25. Rg5 Ng7 26. Rh4+ Kg8 27. Rf4 e6 28. h4 f6 29. Rg3 Kf7 30. Rc4 Ne8 31. Rb3 Kg6 32. Rxb7 d5 33. Ra4 Nd6 34. Rb6 Nc8 35. Rb8 e5 36. Rxa5 Rh8 37. Rc5 Rxh4 38. Rcxc8 Bxc8 39. Rxc8 Kf5 40. Rd8 Ra4 41. Rxd5 Ke6 42. Rd3 Rxa2 43. c4 f5 44. c5 Ra5 45. Nb3 Ra6 46. Kd2 Rc6 47. Kc3 f4 48. Kc4 Rc8 49. Rd6+ Kf5 50. Nd2 Kg4 51. Rf6 Rd8 52. Kc3 Kg5 53. Ne4+ Kg4 54. c6 Kf3 55. Nd6 Ra8 56. c7 e4 57. c8=Q Rxc8+ 58. Nxc8 Ke3 59. Nd6 Kf3 60. Kd4 1-0

[Event "Paul Keres Memorial-Youth 2020"]
[Site "Parnu"]
[Date "2020.07.30"]
[Round "4.8"]
[White "Aga, Rihard"]
[Black "Andrijashkin, Deniss"]
[Result "0-1"]
[ECO "E83"]
[WhiteElo "2022"]
[BlackElo "1850"]
[Annotator "ChessBase"]
[PlyCount "64"]
[EventDate "2020.07.27"]
[EventType "swiss"]
[EventCountry "EST"]
[SourceTitle "playchess.com"]
[Source "ChessBase"]
[SourceQuality "1"]
[TimeControl "40/5400+30:900+30"]

1. d4 Nf6 2. c4 g6 3. Nc3 Bg7 4. e4 d6 5. f3 O-O 6. Be3 Nc6 7. Qd2 a6 8. Nge2 Na5 9. Nc1 Nd7 10. Nb3 c5 11. Be2 Nxb3 12. axb3 cxd4 13. Bxd4 Bxd4 14. Qxd4 Nc5 15. Ra3 e5 16. Qd2 Ne6 17. Nb5 Bd7 18. Nxd6 Qc7 19. b4 a5 20. Rd3 Nd4 21. Rxd4 exd4 22. Qxd4 axb4 23. O-O b6 24. Qf6 Qc5+ 25. Kh1 Qe3 26. Qh4 Qxe2 27. Re1 Qxb2 28. e5 Ra1 29. Ne4 Rxe1+ 30. Qxe1 Qxe5 31. Qh4 Qa1+ 32. Qe1 Qxe1# 0-1

[Event "Paul Keres Memorial-Youth 2020"]
[Site "Parnu"]
[Date "2020.07.30"]
[Round "4.9"]
[White "Raag, Ardi"]
[Black "Olde, Karl Erik"]
[Result "1-0"]
[ECO "B09"]
[WhiteElo "1729"]
[BlackElo "1751"]
[Annotator "NA"]
[PlyCount "59"]
[EventDate "2020.07.27"]
[EventType "swiss"]
[EventCountry "EST"]
[SourceTitle "playchess.com"]
[Source "ChessBase"]
[SourceQuality "1"]
[TimeControl "40/5400+30:900+30"]

1. e4 d6 2. d4 Nf6 3. Nc3 g6 4. f4 Bg7 5. Nf3 O-O 6. a3 c6 7. Be3 Qc7 8. h3 b5 9. Qd2 Nbd7 10. g4 a5 11. e5 Ne8 12. h4 Bb7 13. Qf2 b4 14. Nd1 c5 15. c3 Qc6 16. Rh3 Nc7 17. h5 f5 18. hxg6 hxg6 19. Ng5 Rfd8 20. gxf5 gxf5 21. Qh4 Nf8 22. Nh7 Qe8 23. Nxf8 Kxf8 24. Qh7 Qf7 25. Rg3 cxd4 26. cxd4 Ne6 27. Bc4 Bc8 28. d5 Nc5 29. e6 Qf6 30. Rg6 1-0

[Event "Paul Keres Memorial-Youth 2020"]
[Site "Parnu"]
[Date "2020.07.30"]
[Round "5.6"]
[White "Pedoson, Georg Aleksander"]
[Black "Golsta, Madara"]
[Result "1-0"]
[ECO "D80"]
[WhiteElo "2189"]
[BlackElo "1903"]
[Annotator "ChessBase"]
[PlyCount "117"]
[EventDate "2020.07.27"]
[EventType "swiss"]
[EventCountry "EST"]
[SourceTitle "playchess.com"]
[Source "ChessBase"]
[SourceQuality "1"]
[TimeControl "40/5400+30:900+30"]

1. d4 Nf6 2. c4 g6 3. Nc3 d5 4. Bg5 Bg7 5. Bxf6 Bxf6 6. cxd5 c6 7. dxc6 Nxc6 8. e3 O-O 9. Nf3 b6 10. Be2 Bb7 11. O-O Rc8 12. Qa4 Rc7 13. Rac1 Rd7 14. Bb5 Rc7 15. Ne4 Nb8 16. Nxf6+ exf6 17. Be2 a5 18. h3 Nc6 19. Rc3 Ne7 20. Rfc1 Rxc3 21. bxc3 Qa8 22. c4 Ba6 23. Rb1 Qa7 24. Nd2 Rc8 25. Ne4 f5 26. Nd6 Rd8 27. Nb5 Qd7 28. Nc3 Qc7 29. Qb3 Rc8 30. Nb5 Qd7 31. d5 Rc5 32. Nc3 Nc8 33. Na4 Rc7 34. Rd1 Qd6 35. c5 bxc5 36. Bxa6 Qxa6 37. d6 Nxd6 38. Qb8+ Qc8 39. Qb6 Ne4 40. f3 Ng5 41. Nxc5 Kg7 42. Nb3 a4 43. Qd4+ f6 44. Qxa4 Qe6 45. Qd4 Nf7 46. Nc5 Qb6 47. Rc1 Re7 48. a4 Nd8 49. Ra1 f4 50. exf4 Nb7 51. Rc1 Kh6 52. Qf2 Rc7 53. Nd3 Rxc1+ 54. Nxc1 Qc6 55. Qd2 Qxa4 56. Ne2 Qa7+ 57. Kh2 Qf2 58. f5+ g5 59. Qb2 1-0

[Event "Paul Keres Memorial-Youth 2020"]
[Site "Parnu"]
[Date "2020.07.30"]
[Round "5.7"]
[White "Andrijashkin, Deniss"]
[Black "Blokhin, Sofia"]
[Result "1/2-1/2"]
[ECO "C00"]
[WhiteElo "1850"]
[BlackElo "1786"]
[Annotator "NA"]
[PlyCount "47"]
[EventDate "2020.07.27"]
[EventType "swiss"]
[EventCountry "EST"]
[SourceTitle "playchess.com"]
[Source "ChessBase"]
[SourceQuality "1"]
[TimeControl "40/5400+30:900+30"]

1. e4 c5 2. Nf3 e6 3. g3 Nc6 4. Bg2 Nf6 5. Qe2 Be7 6. O-O d5 7. d3 O-O 8. e5 Nd7 9. c4 d4 10. Re1 a6 11. h4 Rb8 12. Bf4 b5 13. b3 Bb7 14. Nbd2 Nb4 15. Rec1 bxc4 16. bxc4 Nb6 17. a3 Nc6 18. Ne4 Na5 19. Nfg5 Bxe4 20. Bxe4 Bxg5 21. hxg5 g6 22. Kg2 Nb3 23. Rh1 Nxa1 24. Rxh7 1/2-1/2

[Event "Paul Keres Memorial-Youth 2020"]
[Site "Parnu"]
[Date "2020.07.30"]
[Round "5.8"]
[White "Mikko, Rondo"]
[Black "Raag, Ardi"]
[Result "0-1"]
[ECO "C47"]
[WhiteElo "1633"]
[BlackElo "1729"]
[Annotator "NA"]
[PlyCount "97"]
[EventDate "2020.07.27"]
[EventType "swiss"]
[EventCountry "EST"]
[SourceTitle "playchess.com"]
[Source "ChessBase"]
[SourceQuality "1"]
[TimeControl "40/5400+30:900+30"]

1. e4 e5 2. Nc3 Nc6 3. Nf3 Nf6 4. d3 Bc5 5. Be2 d6 6. O-O a5 7. Bg5 h6 8. Bxf6 Qxf6 9. Nd5 Qd8 10. c3 O-O 11. Ne3 Re8 12. Qd2 Ba7 13. Bd1 Ne7 14. Re1 Ng6 15. a4 h5 16. Bb3 c6 17. Bc2 Qf6 18. Bd1 h4 19. g3 Kh7 20. Ng2 hxg3 21. Ng5+ Kg8 22. hxg3 Bxf2+ 23. Qxf2 Qxg5 24. Qe3 Qxe3+ 25. Nxe3 Be6 26. b4 Ne7 27. Rb1 axb4 28. Rxb4 Ra7 29. Bc2 c5 30. Rb2 f5 31. Reb1 Rb8 32. a5 fxe4 33. dxe4 Nc6 34. Rb6 Rd8 35. Rxb7 Rxb7 36. Rxb7 Nxa5 37. Re7 Bd7 38. Nd5 Nc6 39. Rxd7 Rxd7 40. Ba4 Nb8 41. Bxd7 Nxd7 42. Ne7+ Kf7 43. Nf5 Nf6 44. Nxd6+ Ke6 45. Nb7 Nxe4 46. c4 Kd7 47. Kg2 Kc7 48. Na5 Nd2 49. Kf2 0-1

[Event "Paul Keres Memorial-Youth 2020"]
[Site "Parnu"]
[Date "2020.07.30"]
[Round "5.9"]
[White "Kokk, Karl Mattias"]
[Black "Kull, Tormi"]
[Result "0-1"]
[ECO "C06"]
[WhiteElo "1492"]
[BlackElo "1559"]
[Annotator "NA"]
[PlyCount "67"]
[EventDate "2020.07.27"]
[EventType "swiss"]
[EventCountry "EST"]
[SourceTitle "playchess.com"]
[Source "ChessBase"]
[SourceQuality "1"]
[TimeControl "40/5400+30:900+30"]

1. e4 e6 2. d4 d5 3. Nd2 Nf6 4. e5 Nfd7 5. Bd3 b6 6. Ne2 Ba6 7. Bxa6 Nxa6 8. O-O c5 9. c3 Be7 10. f4 Nc7 11. Nf3 b5 12. g4 a5 13. Ng3 b4 14. f5 cxd4 15. cxd4 exf5 16. gxf5 g6 17. e6 fxe6 18. fxe6 Nf6 19. Ng5 O-O 20. Nf7 Qc8 21. Bh6 Re8 22. Bg5 Qxe6 23. Nh6+ Kg7 24. Re1 Qd7 25. Qf3 Ne6 26. Bh4 Nxd4 27. Qf4 Ne6 28. Ngf5+ gxf5 29. Rxe6 Bc5+ 30. Kh1 Qxe6 31. Nxf5+ Kh8 32. Rf1 Qe4+ 33. Rf3 Ra6 34. Qg3 0-1

[Event "Paul Keres Memorial-Youth 2020"]
[Site "Parnu"]
[Date "2020.07.30"]
[Round "6.6"]
[White "Raag, Ardi"]
[Black "Pedoson, Georg Aleksander"]
[Result "1/2-1/2"]
[ECO "C67"]
[WhiteElo "1729"]
[BlackElo "2189"]
[Annotator "ChessBase"]
[PlyCount "22"]
[EventDate "2020.07.27"]
[EventType "swiss"]
[EventCountry "EST"]
[SourceTitle "playchess.com"]
[Source "ChessBase"]
[SourceQuality "1"]
[TimeControl "40/5400+30:900+30"]

1. e4 e5 2. Nf3 Nc6 3. Bb5 Nf6 4. O-O Nxe4 5. d4 Nd6 6. Bxc6 dxc6 7. dxe5 Nf5 8. Qxd8+ Kxd8 9. Rd1+ Ke8 10. Nc3 Be7 11. Bg5 Be6 1/2-1/2

[Event "Paul Keres Memorial-Youth 2020"]
[Site "Parnu"]
[Date "2020.07.30"]
[Round "6.7"]
[White "Golsta, Madara"]
[Black "Andrijashkin, Deniss"]
[Result "1/2-1/2"]
[ECO "B07"]
[WhiteElo "1903"]
[BlackElo "1850"]
[Annotator "ChessBase"]
[PlyCount "21"]
[EventDate "2020.07.27"]
[EventType "swiss"]
[EventCountry "EST"]
[SourceTitle "playchess.com"]
[Source "ChessBase"]
[SourceQuality "1"]
[TimeControl "40/5400+30:900+30"]

1. e4 g6 2. d4 Bg7 3. Nc3 d6 4. Be3 Nf6 5. f3 c6 6. Qd2 O-O 7. O-O-O b5 8. g4 Qa5 9. Kb1 Nbd7 10. h4 Nb6 11. h5 1/2-1/2

[Event "Paul Keres Memorial-Youth 2020"]
[Site "Parnu"]
[Date "2020.07.30"]
[Round "6.8"]
[White "Kull, Tormi"]
[Black "Blokhin, Sofia"]
[Result "1/2-1/2"]
[ECO "B40"]
[WhiteElo "1559"]
[BlackElo "1786"]
[Annotator "NA RC"]
[PlyCount "58"]
[EventDate "2020.07.27"]
[EventType "swiss"]
[EventCountry "EST"]
[SourceTitle "playchess.com"]
[Source "ChessBase"]
[SourceQuality "1"]
[TimeControl "40/5400+30:900+30"]

1. e4 c5 2. Nf3 e6 3. d4 cxd4 4. Nxd4 Nf6 5. Bd3 Nc6 6. Nf3 d6 7. O-O Be7 8. c4 O-O 9. Nc3 b6 10. Qe2 a6 11. Bd2 Bb7 12. Rac1 Rc8 13. b3 Nd7 14. Bb1 Nde5 15. Rfd1 Nxf3+ 16. Qxf3 Ne5 17. Qe2 Qc7 18. f4 Ng6 19. Be3 Bc6 20. a4 Qb7 21. Bd3 Ra8 22. g3 Bf6 23. Bf2 Bxc3 24. Rxc3 Rfe8 25. Qc2 Rac8 26. Rc1 Ne7 27. Qe2 Ra8 28. Qc2 Rac8 29. Qe2 Ra8 1/2-1/2

[Event "Paul Keres Memorial-Youth 2020"]
[Site "Parnu"]
[Date "2020.07.30"]
[Round "6.9"]
[White "Shadrina, Eva"]
[Black "Nikitin, Arseni EST"]
[Result "0-1"]
[ECO "B20"]
[WhiteElo "1234"]
[BlackElo "1688"]
[Annotator "NA RC"]
[PlyCount "72"]
[EventDate "2020.07.27"]
[EventType "swiss"]
[EventCountry "EST"]
[SourceTitle "playchess.com"]
[Source "ChessBase"]
[SourceQuality "1"]
[TimeControl "40/5400+30:900+30"]

1. e4 c5 2. a3 Nc6 3. b4 e5 4. b5 Nd4 5. c3 Ne6 6. g3 d5 7. f3 b6 8. d3 Bb7 9. Bg2 dxe4 10. fxe4 Qd6 11. Nh3 O-O-O 12. Nf2 h5 13. h4 Be7 14. a4 Nf6 15. Bf3 c4 16. dxc4 Qxd1+ 17. Bxd1 Nxe4 18. Nxe4 Bxe4 19. Rf1 f5 20. Nd2 Bd3 21. Rh1 g6 22. a5 Bc5 23. axb6 Bxb6 24. Be2 Nc5 25. Ba3 Be4 26. Nxe4 Nxe4 27. Rh3 Be3 28. Bb4 Kb8 29. Bf3 Bd2+ 30. Ke2 Nxc3+ 31. Bxc3 Bxc3 32. Rc1 Rd2+ 33. Kf1 Bd4 34. Bd5 Bc5 35. Ra1 Rf8 36. Ra6 f4 0-1

[Event "Paul Keres Memorial-Youth 2020"]
[Site "Parnu"]
[Date "2020.08.01"]
[Round "7.7"]
[White "Raag, Ardi"]
[Black "Kull, Tormi"]
[Result "1-0"]
[ECO "D42"]
[WhiteElo "1729"]
[BlackElo "1559"]
[Annotator "NA"]
[PlyCount "67"]
[EventDate "2020.07.27"]
[EventType "swiss"]
[EventCountry "EST"]
[TimeControl "40/5400+30:900+30"]

1. e4 c6 2. d4 d5 3. exd5 cxd5 4. c4 Nf6 5. Nc3 e6 6. Nf3 Be7 7. cxd5 Nxd5 8. Bd3 Nc6 9. O-O O-O 10. Be3 Bf6 11. a3 b6 12. Nxd5 exd5 13. Qc2 Bb7 14. Bxh7+ Kh8 15. Bd3 Rc8 16. Qd1 g6 17. b4 a6 18. Qe2 b5 19. Qd2 Qb6 20. Bc2 a5 21. Rac1 Be7 22. Bh6 Rfe8 23. Qf4 Nd8 24. Rfe1 Kg8 25. Ng5 axb4 26. axb4 Rc6 27. Qh4 f6 28. Nf3 Rxc2 29. Rxc2 Kf7 30. Bd2 Ne6 31. Qh7+ Ng7 32. Bh6 Rg8 33. Bxg7 Rxg7 34. Rxe7+ 1-0